 Dungeon Crawl Stone Soup version 0.22.0 (webtiles) character file.

1075 Blackhawk the Shield-Bearer (level 8, -3/67 HPs)
             Began as a Gnoll Fighter on Oct 21, 2018.
             Was an Initiate of Trog.
             Killed by divine providence
             ... invoked by an orc priest
              (9 damage)
             ... on level 6 of the Dungeon.
             The game lasted 00:09:09 (4142 turns).

Blackhawk the Shield-Bearer (Gnoll Fighter)         Turns: 4142, Time: 00:09:09

Health: -3/67      AC:  9    Str: 20    XL:     8   Next: 29%
Magic:  12/12      EV: 10    Int: 11    God:    Trog [......]
Gold:   98         SH: 11    Dex: 15    Spells: 13/13 levels left

rFire    . . .     SeeInvis .   a - +0 war axe
rCold    . . .     Gourm    .   c - +0 shield
rNeg     . . .     Faith    .   b - +0 scale mail
rPois    .         Spirit   .   (no helmet)
rElec    .         Reflect  .   v - scarf {repulsion}
rCorr    .         Harm     .   (no gloves)
MR       .....                  l - +0 pair of boots
Stlth    +.........             (no amulet)
HPRegen  0.21/turn              (no ring)
MPRegen  0.13/turn              (no ring)

@: repel missiles
A: distributed training, fangs 1, strong nose
a: Renounce Religion


You were on level 6 of the Dungeon.
You worshipped Trog.
Trog was noncommittal.
You were not hungry.

You visited 2 branches of the dungeon, and saw 7 of its levels.

You collected 254 gold pieces.
You spent 156 gold pieces at shops.

Inventory:

Hand Weapons
 a - a +0 war axe (weapon)
Missiles
 g - 4 tomahawks
 r - 205 stones (quivered)
 z - 33 sling bullets
Armour
 b - a +0 scale mail (worn)
 c - a +0 shield (worn)
 l - a +0 pair of boots (worn)
 v - a scarf of repulsion (worn)
Jewellery
 y - an uncursed amulet of regeneration {unknown}
 A - an uncursed ring of fire {unknown}
 D - a +4 ring of dexterity {unknown}
Scrolls
 e - a scroll of enchant weapon {unknown}
 h - 2 scrolls of teleportation {unknown}
 i - 2 scrolls of enchant armour {unknown}
 j - 2 scrolls of blinking {unknown}
 k - a scroll of fear {unknown}
 n - 2 scrolls of amnesia {unknown}
 o - 6 scrolls of identify {unknown}
 p - 2 scrolls of remove curse {unknown}
 F - a scroll of immolation {unknown}
Potions
 d - a potion of might
 m - 5 potions of curing {unknown}
 q - a potion of lignification {unknown}
 s - a potion of mutation {unknown}
 t - 2 potions of heal wounds
 u - a potion of haste {unknown}
 w - a potion of agility {unknown}
 x - 2 potions of invisibility {unknown}
 B - a potion of ambrosia {unknown}
 C - 2 potions of brilliance {unknown}
Comestibles
 f - 7 rations


   Skills:
 + Level 7.3 Fighting
 + Level 3.1 Short Blades
 + Level 3.1 Long Blades
 + Level 5.5 Axes
 + Level 3.1 Maces & Flails
 + Level 3.1 Polearms
 + Level 3.1 Staves
 + Level 3.1 Slings
 + Level 3.1 Bows
 + Level 3.1 Crossbows
 + Level 3.1 Throwing
 + Level 7.3 Armour
 + Level 3.1 Dodging
 + Level 3.1 Stealth
 + Level 7.3 Shields
 + Level 3.1 Unarmed Combat
 + Level 3.1 Spellcasting
 + Level 2.5 Conjurations
 + Level 2.5 Hexes
 + Level 2.5 Charms
 + Level 2.5 Summonings
 + Level 2.5 Necromancy
 + Level 2.5 Translocations
 + Level 2.5 Transmutations
 + Level 2.5 Fire Magic
 + Level 2.5 Ice Magic
 + Level 2.5 Air Magic
 + Level 2.5 Earth Magic
 + Level 2.5 Poison Magic
 + Level 3.4 Invocations
 + Level 3.1 Evocations


You had 13 spell levels left.
You didn't know any spells.
Your spell library contained the following spells:

 Spells                   Type           Power        Failure   Level  Hunger
 Magic Dart               Conj           #...         54%         1    #......
 Iskenderun's Mystic Bla  Conj           #.......     99%         4    #####..
 Fulminant Prism          Conj/Hex       #.........   99%         4    #####..
 Dazzling Spray           Conj/Hex       #.....       88%         3    ###....
 Force Lance              Conj/Tloc      #.......     99%         4    #####..
 Searing Ray              Conj           #.....       67%         2    ###....


Dungeon Overview and Level Annotations

Branches:
Dungeon (6/15)             Temple (1/1) D:5

Altars:
Ashenzari
Dithmenos
Elyvilon
Fedhas
Gozag
Kikubaaqudgha
Makhleb
Nemelex Xobeh
Okawaru
Qazlal
Ru
Sif Muna
Trog
Uskayaw
Wu Jian
Xom
Yredelemnul
Zin

Shops:
D:4 [   D:5 [!*


Innate Abilities, Weirdness & Mutations

Your experience applies equally to all skills.
You have very sharp teeth.
Your uncanny sense of smell can sniff out nearby items.


Message History

Beogh smites you! The bullfrog hits you.
* * * LOW HITPOINT WARNING * * *
Something hits you but does no damage.
You hear some strange, mumbled words.
Something tries to affect you, but you resist.
The phantom blinks!
The bullfrog hits you but does no damage.
You hear some strange, mumbled words.
A puff of flame appears from out of thin air!
You block the puff of flame. The bullfrog hits you.
* * * LOW HITPOINT WARNING * * *
The orc priest looks satisfied for a moment.
The bullfrog hits you but does no damage.
The orc priest invokes the aid of Beogh against you.
Beogh smites you!
* * * LOW HITPOINT WARNING * * *
The bullfrog completely misses you.
The orc priest calls down the wrath of Beogh upon you.
Beogh smites you!
You die...

............ ............ ∆
#...... ............
#.....# ............
#.....####
###.....##########........#
###.....##......##........#
.........#[...............#
.....)...#................#
∆
.........'......@F........#
.........#................#
.........#..........o.....#
#.##...#######..###.o..o.##
####÷..###..
###########†###..#
#..)...... ..o.............
#......... ................
#..........
........o.......
#..........
................


You could see a bullfrog, 2 orc priests and an orc.

Vanquished Creatures
  Grinder (D:5)
  2 centaurs (D:5)
  An ogre (D:5)
  A bullfrog (D:6)
  A crimson imp (D:6)
  A hound (D:6)
  2 orc priests (D:4)
  2 bullfrog skeletons
  2 orc wizards (D:4)
  An iguana (D:2)
  Natasha (twice) (D:2)
  4 worker ants
  A hound zombie (D:5)
  2 adders (D:2)
  An adder skeleton (D:4)
  4 worms
  A dart slug (D:2)
  4 leopard geckos
  6 orcs
  5 ball pythons
  5 bats
  6 giant cockroaches
  13 hobgoblins
  14 jackals
  A quokka (D:4)
  3 frilled lizards
  7 goblins
  A jackal zombie (D:5)
  3 kobolds
  10 rats
107 creatures vanquished.

Vanquished Creatures (others)
  A kobold (D:2)
1 creature vanquished.

Grand Total: 108 creatures vanquished

Notes
Turn   | Place    | Note
-------+----------+-------------------------------------------
     0 | D:1      | Blackhawk the Gnoll Fighter began the quest for the Orb.
     0 | D:1      | Reached XP level 1. HP: 23/23 MP: 1/1
    79 | D:1      | Reached XP level 2. HP: 16/29 MP: 2/2
   371 | D:1      | Reached XP level 3. HP: 34/35 MP: 3/3
   700 | D:2      | Reached skill level 1 in Invocations
   786 | D:2      | Reached skill level 1 in Short Blades
   786 | D:2      | Reached skill level 1 in Long Blades
   786 | D:2      | Reached skill level 1 in Maces & Flails
   786 | D:2      | Reached skill level 1 in Polearms
   786 | D:2      | Reached skill level 1 in Staves
   786 | D:2      | Reached skill level 1 in Slings
   786 | D:2      | Reached skill level 1 in Bows
   786 | D:2      | Reached skill level 1 in Crossbows
   786 | D:2      | Reached skill level 1 in Throwing
   786 | D:2      | Reached skill level 1 in Dodging
   786 | D:2      | Reached skill level 1 in Stealth
   786 | D:2      | Reached skill level 1 in Unarmed Combat
   786 | D:2      | Reached skill level 1 in Spellcasting
   786 | D:2      | Reached skill level 1 in Evocations
   786 | D:2      | Reached XP level 4. HP: 41/41 MP: 5/5
   858 | D:2      | Found a white marble altar of Elyvilon.
   884 | D:2      | Reached skill level 1 in Conjurations
   884 | D:2      | Reached skill level 1 in Hexes
   884 | D:2      | Reached skill level 1 in Charms
   884 | D:2      | Reached skill level 1 in Summonings
   884 | D:2      | Reached skill level 1 in Necromancy
   884 | D:2      | Reached skill level 1 in Translocations
   884 | D:2      | Reached skill level 1 in Transmutations
   884 | D:2      | Reached skill level 1 in Fire Magic
   884 | D:2      | Reached skill level 1 in Ice Magic
   884 | D:2      | Reached skill level 1 in Air Magic
   884 | D:2      | Reached skill level 1 in Earth Magic
   884 | D:2      | Reached skill level 1 in Poison Magic
  1062 | D:2      | Noticed Natasha
  1260 | D:2      | Killed Natasha
  1260 | D:2      | Reached XP level 5. HP: 40/47 MP: 6/6
  1403 | D:2      | Found a sacrificial altar of Ru.
  1470 | D:2      | Found an opulent altar of Gozag.
  1632 | D:2      | Noticed Natasha
  1640 | D:2      | Killed Natasha
  1698 | D:3      | Found a deep blue altar of Sif Muna.
  2085 | D:4      | Found a blossoming altar of Fedhas.
  2189 | D:4      | Reached XP level 6. HP: 18/53 MP: 8/8
  2446 | D:4      | Found Hocee's Antique Armour Shop.
  2751 | D:4      | Reached skill level 5 in Axes
  3145 | D:5      | Entered Level 5 of the Dungeon
  3176 | D:5      | Noticed Grinder
  3194 | D:5      | Killed Grinder
  3194 | D:5      | Reached XP level 7. HP: 29/60 MP: 10/10
  3318 | D:5      | Found Niskual's Assorted Antiques.
  3377 | D:5      | Found a staircase to the Ecumenical Temple.
  3394 | Temple   | Entered the Ecumenical Temple
  3472 | Temple   | Became a worshipper of Trog the Wrathful
  3548 | D:5      | Found Omics's Distillery.
  3712 | D:5      | Found Urauzu's Armour Boutique.
  3717 | D:5      | Bought a scarf of repulsion for 156 gold pieces
  3901 | D:5      | Reached XP level 8. HP: 65/67 MP: 12/12
  4133 | D:6      | HP: 1/67 [orc priest/divine providence (10)]
  4142 | D:6      | Killed from afar by an orc priest

Skill      XL: |  1  2  3  4  5  6  7  8 |
---------------+-------------------------+-----
Invocations    | 1 2 3 |  3.4
Short Blades   | 1 2 3 |  3.1
Long Blades    | 1 2 3 |  3.1
Maces & Flails | 1 2 3 |  3.1
Polearms       | 1 2 3 |  3.1
Staves         | 1 2 3 |  3.1
Slings         | 1 2 3 |  3.1
Bows           | 1 2 3 |  3.1
Crossbows      | 1 2 3 |  3.1
Throwing       | 1 2 3 |  3.1
Dodging        | 1 2 3 |  3.1
Stealth        | 1 2 3 |  3.1
Unarmed Combat | 1 2 3 |  3.1
Spellcasting   | 1 2 3 |  3.1
Evocations     | 1 2 3 |  3.1
Conjurations   | 1 2 |  2.5
Hexes          | 1 2 |  2.5
Charms         | 1 2 |  2.5
Summonings     | 1 2 |  2.5
Necromancy     | 1 2 |  2.5
Translocations | 1 2 |  2.5
Transmutations | 1 2 |  2.5
Fire Magic     | 1 2 |  2.5
Ice Magic      | 1 2 |  2.5
Air Magic      | 1 2 |  2.5
Earth Magic    | 1 2 |  2.5
Poison Magic   | 1 2 |  2.5
Axes           | 5 |  5.5
Fighting       | 7 |  7.3
Armour         | 7 |  7.3
Shields        | 7 |  7.3

Action                   |  1- 3 |  4- 6 |  7- 9 || total
-------------------------+-------+-------+-------++-------
Melee: War axe           |    73 |   168 |    73 ||   314
       Bite              |     8 |    22 |     8 ||    38
       Unarmed           |       |     3 |       ||     3
  Use: Potion            |       |       |     1 ||     1
  Eat: Chunk             |       |     7 |     4 ||    11
Armor: Scale mail        |    35 |    55 |    31 ||   121
Dodge: Dodged            |    25 |    58 |    29 ||   112
       Deflected         |       |       |     1 ||     1
Block: Shield            |    44 |    88 |    43 ||   175
